 Dungeon Crawl Stone Soup version 0.25-a0-308-geac79542e2 (webtiles) character file.

Game seed: 17827308841333124052, levelgen mode: deterministic

10 tilp the Charlatan (level 2, -3/22 HPs)
             Began as a Human Artificer on Dec 21, 2019.
             Slain by a kobold
             ... wielding a +0 dagger
              (4 damage)
             ... on level 1 of the Dungeon.
             The game lasted 00:01:00 (371 turns).

tilp the Charlatan (Human Artificer)                 Turns: 371, Time: 00:01:00

Health: -3/22      AC:  3    Str: 12    XL:     2   Next: 30%
Magic:  4/4        EV: 12    Int: 11    God:
Gold:   32         SH:  0    Dex: 13    Spells: 1/1 levels left

rFire    . . .     SeeInvis .   a - +0 short sword
rCold    . . .     Gourm    .   (no shield)
rNeg     . . .     Faith    .   b - +0 leather armour
rPois    .         Spirit   .   (no helmet)
rElec    .         Reflect  .   (no cloak)
rCorr    .         Harm     .   (no gloves)
MR       .....                  (no boots)
Stlth    +.........             (no amulet)
HPRegen  0.07/turn              (no ring)
MPRegen  0.09/turn              (no ring)

@: no status effects
A: no striking features
a: no special abilities


You were on level 1 of the Dungeon.
You were not hungry.

You visited 1 branch of the dungeon, and saw 1 of its levels.

You collected 32 gold pieces.

Inventory:

Hand Weapons
 a - a +0 short sword (weapon)
Missiles
 j - a stone (quivered)
Armour
 b - a +0 leather armour (worn)
Wands
 c - a wand of flame (12)
 d - a wand of enslavement (14)
 e - a wand of random effects (13)
Scrolls
 g - a scroll of teleportation {unknown}
 k - 3 scrolls of remove curse {unknown}
Potions
 i - a potion of lignification {unknown}
Comestibles
 f - a ration
 h - 2 chunks of flesh


   Skills:
 + Level 2.2 Fighting
 - Level 1.0 Short Blades
 - Level 2.0 Dodging
 - Level 1.0 Stealth
 - Level 3.0 Evocations


You had one spell level left.
You didn't know any spells.
Your spell library was empty.

Dungeon Overview and Level Annotations

Branches:
Dungeon (1/15)

Altars:


Message History

Press: ? - help, Shift-Dir - straight line, f - kobold
Aim: a kobold (chance to defeat MR: 71%) Nothing appears to happen.
Something hits you.
* * * LOW HITPOINT WARNING * * *
You closely miss something. Something hits you.
* * * LOW HITPOINT WARNING * * *
Evoke which item? (* to show all) (? for menu, Esc to quit)
Aiming: Throw Flame
Press: ? - help, Shift-Dir - straight line, p - kobold Something hits you but does no damage.
Evoke which item? (* to show all) (? for menu, Esc to quit)
Aiming: Throw Flame
Press: ? - help, Shift-Dir - straight line Something hits you.
* * * LOW HITPOINT WARNING * * *
Evoke which item? (* to show all) (? for menu, Esc to quit)
Aiming: Throw Flame
Press: ? - help, Shift-Dir - straight line Something hits you.
You die...

.#÷# #...
.#.#######.#####.###
.#.............(...#
..........<........### #
...###############...###.#
...# ##.......## #.....?..
...###.........###....#
...##...........##K...#
..#.......÷.÷...@{#...#
...##...........##...##
...###.........## ...#
...# ##.......## ...#
...############ ...#
#......... ..## ..........
..# .......... .##
##########


You could see a kobold.

Vanquished Creatures
  2 bats (D:1)
  12 rats (D:1)
14 creatures vanquished.

Notes
Turn   | Place    | Note
-------+----------+-------------------------------------------
     0 | D:1      | tilp the Human Artificer began the quest for the Orb.
     0 | D:1      | Reached XP level 1. HP: 15/15 MP: 3/3
   126 | D:1      | Reached XP level 2. HP: 8/22 MP: 4/4
   370 | D:1      | HP: 1/22 [something (1)]
   371 | D:1      | Slain by a kobold

Levels and vault maps discovered:
D:1:      erik_arrival_orb_chamber, layout_loops_ring, grunt_decor_clamped

Skill      XL: |  1  2 |
---------------+-------+-----
Fighting       | 2 |  2.2
Short Blades   | |  1.0
Dodging        | |  2.0
Stealth        | |  1.0
Evocations     | |  3.0

Action                   || total
-------------------------++-------
Melee: Short sword       ||    45
Evoke: Wand              ||     6
Armor: Leather armour    ||     9
Dodge: Dodged            ||    32

Table legend:
 A = Non-vault XP
 B = Vault XP
 C = Vault XP percentage of total XP
 D = Non-vault monster count
 E = Vault monster count
 F = Vault count percentage of total count
                 A         B        C        D         E       F
            +---------+---------+-------+---------+---------+-------
      Total |       3 |      12 |  80.0 |       2 |      12 |  85.7
            +---------+---------+-------+---------+---------+-------
        D:1 |       3 |      12 |  80.0 |       2 |      12 |  85.7
            +---------+---------+-------+---------+---------+-------
